 Dungeon Crawl Stone Soup version 0.28.0-43-g3370ac3207 (webtiles) character file.

Game seed: 17955686737650008440

4041 pkoi the Zephyrmancer (level 10, -5/77 HPs)
             Began as a Black Draconian Air Elementalist on Mar 3, 2022.
             Was a Follower of Sif Muna.
             Collided with a rock wall (15 damage)
             ... caused by Erica
             ... on level 8 of the Dungeon.
             The game lasted 00:16:42 (13096 turns).

pkoi the Zephyrmancer (DrAE)                       Turns: 13096, Time: 00:16:42

Health: -5/77      AC: 14    Str: 10    XL:     10   Next: 4%
Magic:  4/17       EV: 13    Int: 19    God:    Sif Muna [*.....]
Gold:   728        SH:  0    Dex: 13    Spells: 7/19 levels left

rFire   . . .      SeeInvis .   e - staff of conjuration
rCold   . . .      Faith    .   (no shield)
rNeg    . . .      Spirit   .   (armour unavailable)
rPois   .          Reflect  .   (helmet restricted)
rElec   +          Harm     .   t - +0 cloak
rCorr   .          Rampage  .   f - +1 pair of gloves
Will    .....                   (no boots)
Stlth   +.........              k - amulet of regeneration
HPRegen 1.02/turn               g - +4 ring of protection
MPRegen 0.15/turn               (no ring)

@: confused, short of breath, slowed, very slow
A: breathe lightning, AC +7, unfitting armour, electricity resistance,
cold-blooded
a: Breathe Lightning, Renounce Religion, Channel Magic


You were on level 8 of the Dungeon.
You worshipped Sif Muna.
Sif Muna was aware of your devotion.
You visited 2 branches of the dungeon, and saw 9 of its levels.
You also visited: Ossuary.

You collected 728 gold pieces.

Inventory:

Hand Weapons
 a - a +0 dagger
 s - the +10 trident of the Enemy {holy, *Slow rC++ Str+5}
   (You found it on level 7 of the Dungeon)

   It has been blessed by the Shining One to cause great damage to the undead
   and demons.
   Str:       It affects your strength (+5).
   rC:        It greatly protects you from cold.
   *Slow:     It may slow you when you take damage.
 w - a +5 great sword
Missiles
 h - 8 poisoned darts
 p - a throwing net
Armour
 f - a +1 pair of gloves (worn)
 t - a +0 cloak (worn)
Magical Staves
 e - a staff of conjuration (weapon)
Jewellery
 g - a +4 ring of protection (left hand)
 k - an amulet of regeneration (around neck)
 o - a ring of fire
Wands
 l - a wand of mindburst (15)
 m - a wand of paralysis (2)
 y - a wand of flame (9)
Scrolls
 b - 3 scrolls of teleportation
 i - a scroll of blinking
 j - a scroll of magic mapping
 B - a scroll of fear
Potions
 c - 6 potions of curing
 d - 5 potions of attraction
 n - 2 potions of might
 q - a potion of haste
 r - 2 potions of heal wounds
 u - 2 potions of brilliance
 v - a potion of mutation
 x - a potion of resistance
 z - a potion of invisibility {unknown}
 A - a potion of lignification


   Skills:
 - Level 3.0 Fighting
 + Level 3.7 Dodging
 - Level 1.7 Stealth
 + Level 5.0 Spellcasting
 + Level 5.6 Conjurations
 + Level 2.3 Translocations
 - Level 12.6 Air Magic
 - Level 3.0 Invocations
 - Level 3.0 Evocations


You had 7 spell levels left.
You knew the following spells:

 Your Spells              Type           Power      Damage    Failure   Level
a - Shock                 Conj/Air       100%       1d9       1%          1
b - Swiftness             Air            51%        N/A       1%          3
c - Airstrike             Air            25%        N/A       1%          4
d - Iskenderun's Mystic   Conj/Tloc      29%        2d7       24%         4

Your spell library contained the following spells:

 Spells                   Type           Power      Damage    Failure   Level
 Magic Dart               Conj           100%       1d8       1%          1
 Static Discharge         Conj/Air       56%        N/A       1%          2
 Mephitic Cloud           Conj/Pois/Air  41%        N/A       3%          3
 Dazzling Flash           Conj/Hex       46%        N/A       12%         3
 Call Imp                 Summ           4%         N/A       19%         2
 Starburst                Conj/Fire      11%        6d5       99%         6


Dungeon Overview and Level Annotations

Branches:
Dungeon (8/15)             Temple (1/1) D:6            Lair (0/6) D:8
Ossuary (visited)

Altars:
Ashenzari
Cheibriados
Elyvilon
Fedhas
Gozag
Hepliaklqana
Kikubaaqudgha
Makhleb
Nemelex Xobeh
Okawaru
Qazlal
Ru
Sif Muna
Trog
Uskayaw
Vehumet
Wu Jian
Xom
Yredelemnul
Zin
The Shining One

Shops:
D:2 :   D:6 ?

Annotations:
D:8 Erica


Innate Abilities, Weirdness & Mutations

You can breathe wild blasts of lightning.
Your glossy black scales are hard. (AC +7)
You cannot fit into any form of body armour.
You are resistant to electric shocks. (rElec)
You are cold-blooded and may be slowed by cold attacks.


Message History

You slam into the rock wall!
* * * LOW HITPOINT WARNING * * *
You bump into the rock wall.
You bump into the rock wall.
You feel less confused. Something hits you.
* * * LOW HITPOINT WARNING * * *
Something burns you.
* * * LOW HITPOINT WARNING * * *
You hear some strange, mumbled words.
A lance of force appears from out of thin air!
The lance of force hits you!!
* * * LOW HITPOINT WARNING * * *
You are knocked back by the lance of force.
You slam into the rock wall!
* * * LOW HITPOINT WARNING * * *
Activating: Breathe Lightning (3% risk of failure)
Press: ? - help, Dir - look around, f - activate You breathe a wild blast of lightning!
You hear a mighty clap of thunder!
The bolt of lightning misses you.
You hear a mighty clap of thunder!
The bolt of lightning misses you.
You hear a mighty clap of thunder!
The bolt of lightning misses you. Something completely misses you.
Unknown command.
Unknown command.
Unknown command.
Aiming: Mindburst
Press: ? - help, Shift-Dir - straight line, f - you Nothing appears to happen.
You hear some strange, mumbled words.
You are confused.
You hear some strange, mumbled words.
A lance of force appears from out of thin air!
The lance of force hits you!
* * * LOW HITPOINT WARNING * * *
You are knocked back by the lance of force.
You slam into the rock wall!
You die...

## .##### .....# ### ### .....#
#.# ### ##.# .....## #.## #@#
####..## .#....#
##.###{#####......###.# ##....##
###.........{..........#
##.....###............#####(...##
##..........####..##### #......
...........## ##...## #......
......###.## ##.....### .......
....### #..# #........# ......#
..### #..###..###..... ..##..#


There were no monsters in sight!

Vanquished Creatures
  A two-headed ogre (D:7)
  Maurice (D:8)
  Maggie (D:6)
  A wyvern (D:7)
  A steam dragon (D:7)
  Eustachio (D:5)
  Menkaure (D:6)
  Duvessa (D:7)
  A water moccasin (D:7)
  A sky beast (D:8)
  A black bear (D:5)
  An orc warrior (D:6)
  A necrophage (D:5)
  2 ogres
  3 centaurs
  A kobold brigand (D:3)
  Blork the orc (D:5)
  A bullfrog (D:5)
  A water moccasin zombie (D:7)
  A scorpion (D:5)
  Dowan (D:7)
  5 wights
  A howler monkey (D:6)
  A centaur zombie (D:7)
  Crazy Yiuf (D:5)
  3 hounds
  A gnoll shaman (D:6)
  A bullfrog skeleton (D:7)
  5 iguanas
  An orc wizard (D:8)
  Natasha (twice) (D:3)
  8 mummies (Ossuary)
  8 gnolls
  5 adders
  A shadow imp (D:6)
  A white imp (D:8)
  An adder skeleton (D:4)
  A worm (D:4)
  A dart slug (D:4)
  17 orcs
  5 endoplasms
  2 giant cockroaches
  2 gnoll zombies (Ossuary)
  9 goblins
  9 hobgoblins
  A jackal (D:3)
  9 kobolds
  6 ball pythons
  5 bats
  3 frilled lizards
  3 hobgoblin zombies (Ossuary)
  3 orc zombies (Ossuary)
  6 rats
151 creatures vanquished.

Notes
Turn   | Place    | Note
-------+----------+-------------------------------------------
     0 | D:1      | pkoi the Draconian Air Elementalist began the quest for the
                  | Orb.
     0 | D:1      | Reached XP level 1. HP: 14/14 MP: 3/3
   507 | D:1      | Reached XP level 2. HP: 17/20 MP: 1/5
  1832 | D:2      | Reached XP level 3. HP: 23/26 MP: 0/6
  2229 | D:2      | Found Moduangu's Book Shoppe.
  2594 | D:3      | Noticed Natasha
  2602 | D:3      | Killed Natasha
  2603 | D:3      | Reached XP level 4. HP: 31/33 MP: 0/7
  2678 | D:2      | Learned a level 3 spell: Swiftness
  2683 | D:2      | Learned a level 4 spell: Airstrike
  2706 | D:3      | Noticed Natasha
  2716 | D:3      | Killed Natasha
  2717 | D:3      | Reached skill level 4 in Air Magic
  3401 | D:3      | Noticed a kobold brigand
  3413 | D:3      | Killed a kobold brigand
  3414 | D:3      | Reached XP level 5. HP: 32/38 MP: 2/9
  4353 | D:4      | Reached skill level 5 in Air Magic
  4742 | D:4      | Found an ornate altar of the Wu Jian Council.
  4751 | D:4      | Reached XP level 6. HP: 42/45 MP: 2/10
  5042 | D:5      | Entered Level 5 of the Dungeon
  5074 | D:5      | Reached skill level 6 in Air Magic
  5130 | D:5      | Found a runed translucent door.
  5131 | D:5      | Noticed Crazy Yiuf
  5165 | D:5      | Found a faded altar of an unknown god.
  5165 | D:5      | Found a shimmering altar of Xom.
  5174 | D:5      | Found a faded altar of an unknown god.
  5176 | D:5      | Found an ancient bone altar of Kikubaaqudgha.
  5177 | D:5      | Found a hazy altar of Hepliaklqana.
  5356 | D:5      | Noticed Blork the orc
  5362 | D:5      | Killed Blork the orc
  5444 | D:5      | Reached skill level 7 in Air Magic
  5444 | D:5      | Your scales start taking on a glossy black colour.
  5444 | D:5      | Reached skill level 8 in Air Magic
  5444 | D:5      | Reached XP level 7. HP: 50/50 MP: 6/11
  5444 | D:5      | Gained mutation: You are resistant to electric shocks.
                  | (rElec) [Black Draconian growth]
  5630 | D:5      | Found a blossoming altar of Fedhas.
  5633 | D:5      | Found a glowing silver altar of Zin.
  5635 | D:5      | Found a hide-covered altar of Uskayaw.
  5868 | D:5      | Reached skill level 9 in Air Magic
  6379 | D:5      | Killed Crazy Yiuf
  6805 | D:6      | Noticed Maggie
  6805 | D:6      | Noticed Eustachio
  6918 | D:5      | Killed Eustachio
  6919 | D:5      | Reached skill level 10 in Air Magic
  7345 | D:6      | Killed Maggie
  7346 | D:6      | Reached XP level 8. HP: 37/57 MP: 3/13
  7576 | D:6      | Found a staircase to the Ecumenical Temple.
  7594 | Temple   | Entered the Ecumenical Temple
  7736 | Temple   | Became a worshipper of Sif Muna the Loreminder
  7762 | D:6      | Found Medixtop's Magic Scroll Shop.
  8324 | D:6      | Reached skill level 11 in Air Magic
  8646 | D:6      | Noticed Menkaure
  8648 | D:6      | Killed Menkaure
  8680 | D:6      | Reached skill level 5 in Conjurations
  9549 | D:7      | Identified the +10 trident of the Enemy {holy, *Slow rC++
                  | Str+5}
  9562 | D:7      | Found a sand-covered staircase.
  9568 | Ossuary  | Entered an ossuary
  9640 | Ossuary  | Reached skill level 12 in Air Magic
  9847 | D:7      | Reached XP level 9. HP: 63/63 MP: 2/15
 10066 | D:7      | Noticed Duvessa
 10066 | D:7      | Noticed Dowan
 10088 | D:7      | Killed Duvessa
 10089 | D:7      | Reached skill level 1 in Fighting
 10089 | D:7      | Reached skill level 1 in Invocations
 10089 | D:7      | Reached skill level 1 in Evocations
 10211 | D:7      | Killed Dowan
 11284 | D:6      | Reached * piety under Sif Muna
 11297 | D:6      | Identified a scroll of acquirement
 11297 | D:6      | Acquired a book of Spectacle
 11305 | D:6      | Learned a level 4 spell: Iskenderun's Mystic Blast
 12208 | D:8      | Reached skill level 1 in Translocations
 12292 | D:8      | Noticed a two-headed ogre
 12331 | D:7      | Killed a two-headed ogre
 12496 | D:8      | Noticed Maurice
 12528 | D:8      | Killed Maurice
 12529 | D:8      | Reached skill level 5 in Spellcasting
 12529 | D:8      | Reached XP level 10. HP: 77/77 MP: 0/17
 12704 | D:8      | Found a staircase to the Lair.
 12743 | D:8      | Found a sacrificial altar of Ru.
 13074 | D:8      | Noticed Erica
 13096 | D:8      | Collided with a rock wall

Illustrated notes

Levels and vault maps discovered:
D:1:      wheals_arrival_shading, layout_loops_ring, minmay_misc_feat_five
D:2:      layout_loops_ring, serial_shops, shop, kennysheep_crisscross
D:3:      layout_basic, uniq_natasha
D:4:      layout_cave_pools, lemuel_round_altar, minmay_misc_feat_encased,
          nrook_mini_backslash, chequers_serial_rivers_large_a,
          dk_noncrumbling_4
D:5:      layout_basic, chequers_temple_overflow_minitemple,
          gammafunk_temple_overflow_forgotten, kennysheep_donut,
          uniq_crazy_yiuf_cottage, uniq_blork_the_orc
D:6:      layout_rooms, minmay_temple_entry_butterflies, serial_shops,
          kennysheep_mini, uniq_menkaure, uniq_maggie, uniq_eustachio
D:7:      layout_basic, enter_ossuary_5, kennysheep_cluttered_room,
          patterned_corridor, uniq_duvessa
D:8:      layout_layer_cave, grunt_dithmenos_smoke_and_mirrors,
          nicolae_ru_great_annihilating_truth, lair_entry_dummy,
          grunt_ministairs_12, uniq_erica, uniq_maurice, uniq_prince_ribbit1
Temple:   dshaligram_water_room_temple

Skill      XL: |  1  2  3  4  5  6  7  8  9 |
---------------+----------------------------+-----
Conjurations   | 2 3 4 5 |  5.6
Air Magic      | 4 5 8 10 12 | 12.6
Spellcasting   | 3 4 5 |  5.0
Dodging        | 2 3 |  3.7
Fighting       | 3 |  3.0
Invocations    | 3 |  3.0
Evocations     | 3 |  3.0
Translocations | 2 |  2.3
Stealth        | |  1.7

Action                   |  1- 3 |  4- 6 |  7- 9 | 10-12 || total
-------------------------+-------+-------+-------+-------++-------
Melee: Unarmed           |    12 |       |       |       ||    12
       Dagger            |    18 |       |       |       ||    18
       Tailslap          |     3 |       |     5 |       ||     8
       Staff             |     5 |    14 |     5 |       ||    24
       Punch             |     1 |       |       |       ||     1
       Trident           |       |       |    34 |       ||    34
 Cast: Shock             |    62 |    97 |    11 |       ||   170
       Airstrike         |       |       |   112 |     9 ||   121
 Abil: Breathe Lightning |       |       |     5 |     1 ||     6
Evoke: Wand              |       |       |     2 |     1 ||     3
  Use: Scroll            |       |     6 |    13 |       ||    19
 Stab: Sleeping          |       |       |     1 |       ||     1
Armor: Skin              |    22 |    13 |    32 |       ||    67
Dodge: Dodged            |    40 |    17 |    49 |     4 ||   110
